Map: Traitor's Exile

Players

LaVerDrop - Winner!

  • Race: Zerg Zerg
  • League: Platinum
  • Spawn Location: 6:00

Thunderbolt - Winner!

  • Race: Terran Terran
  • Spawn Location: 5:00

Yata

  • Race: Zerg Zerg
  • League: Silver
  • Spawn Location: 12:00

Myhome

  • Race: Terran Terran
  • League: Diamond
  • Spawn Location: 9:00

VOD

Have the link to the VOD?

Description

Time

  • Played on: Aug. 26, 2017, 8:14 p.m.
  • Length: 6:52
Show
View Real Time Build Order
Export as new Build Order

LaVerDrop Zerg - Winner!

Build Orders: Pool First 

Get SALT Encoding   

  12  0:02  Drone  
  13  0:13  Overlord  
  13  0:18  Drone  
  14  0:36  Spawning Pool  
  13  0:43  Drone x2  
  13  0:48  Extractor  
  14  0:54  Drone  
  15  0:57  Drone  
  16  1:06  Overlord  
  16  1:16  Drone  
  17  1:32  Drone  
  18  1:34  Queen  
  20  1:42  Zergling x2  
  21  1:56  Hatchery  
  21  1:57  Drone  
  21  2:07  Metabolic Boost  
  21  2:11  Zergling x4  
  23  2:26  Zergling x2  
  24  2:32  Zergling x2  
  25  2:45  Zergling x4  
  25  2:46  Zergling x4  
  29  2:55  Zergling x2  
  30  3:05  Overlord  
  30  3:07  Queen  
  31  3:22  Zergling x8  
  35  3:40  Zergling x2  
  35  3:41  Zergling x8  
  39  3:47  Zergling x2  
  40  3:58  Zergling x2  
  40  3:59  Zergling x2  
  40  4:01  Queen  
  41  4:13  Zergling x4  
  43  4:37  Zergling x2  
  43  4:38  Zergling x6  
  44  4:39  Overlord x3  
  42  4:50  Drone x2  
  41  5:04  Zergling x6  
  41  5:16  Drone x5  
  46  5:34  Zergling x2  
  46  5:35  Zergling x6  
  40  6:03  Drone  
  41  6:04  Drone x6  
  44  6:11  Hatchery  
  44  6:16  Zergling x4  
  44  6:31  Zergling x2  
  44  6:32  Zergling x2  
Show
View Real Time Build Order
Export as new Build Order

Thunderbolt Terran - Winner!

Build Orders:  

Get SALT Encoding   

  12  0:00  SCV  
  13  0:13  SCV  
  14  0:19  Supply Depot  
  14  0:25  SCV  
  15  0:40  SCV  
  15  0:41  Barracks  
  16  0:52  SCV  
  16  0:55  Barracks  
  17  1:04  SCV  
  17  1:06  Refinery  
  18  1:13  Refinery  
  18  1:17  SCV  
  19  1:29  Marine  
  19  1:30  Orbital Command  
  20  1:42  Marine  
  21  1:48  Barracks Tech Lab  
  21  1:57  Supply Depot  
  21  1:59  SCV  
  21  2:01  Marine  
  22  2:07  Marine  
  24  2:15  Factory  
  24  2:20  SCV  
  25  2:29  Combat Shields  
  25  2:35  Marine  
  26  2:38  Marine  
  27  2:50  SCV  
  28  2:57  Marauder  
  30  3:02  SCV  
  31  3:07  Marine  
  32  3:18  Marine, Starport  
  33  3:25  Barracks Reactor  
  33  3:47  Marauder  
  35  3:56  Medivac  
  35  3:59  Engineering Bay  
  37  4:03  SCV  
  37  4:07  Marine, Command Center  
  39  4:23  Factory Tech Lab  
  39  4:27  Supply Depot  
  39  4:29  Supply Depot  
  39  4:38  Terran Infantry Weapons Level 1  
  39  4:48  Medivac, Marine  
  42  5:00  Marine x2  
  42  5:06  Marine  
  43  5:18  Medivac  
  43  5:19  Marine  
  43  5:20  Marine  
  47  5:24  Supply Depot  
  47  5:26  Supply Depot  
  47  5:27  Supply Depot  
  46  5:43  Widow Mine  
  46  5:48  Medivac  
  50  5:50  Marine x2  
  50  5:51  Marauder  
  54  6:17  Marine x2  
  58  6:18  Marauder  
Show
View Real Time Build Order
Export as new Build Order

Yata Zerg 

Build Orders: Hatch First 

Get SALT Encoding   

  12  0:01  Drone  
  13  0:13  Overlord  
  13  0:18  Drone  
  14  0:31  Drone x2  
  16  0:36  Drone  
  17  0:59  Hatchery  
  17  1:04  Drone x2  
  18  1:15  Drone  
  19  1:18  Extractor  
  19  1:21  Spawning Pool  
  17  1:26  Drone  
  17  1:28  Drone  
  19  1:44  Overlord  
  19  2:09  Spine Crawler  
  19  2:11  Zergling x2  
  19  2:12  Zergling x2  
  20  2:19  Zergling x4  
  22  2:23  Queen  
  22  2:25  Queen  
  22  2:26  Metabolic Boost  
  26  2:36  Zergling x4  
  29  2:37  Zergling x4  
  30  2:46  Overlord  
  30  2:47  Overlord  
  30  3:05  Overlord x2  
  28  3:14  Zergling x4  
  29  3:23  Zergling x4  
  31  3:37  Zergling x2  
  31  3:38  Zergling x10  
  30  3:49  Zergling x6  
  33  4:01  Zergling x2  
  33  4:02  Zergling x4  
  25  4:12  Zergling x4  
  26  4:18  Zergling x2  
  26  4:21  Queen  
  27  4:28  Zergling x2  
  6  4:59  Drone x3  
  3  6:01  Drone  
  3  6:02  Drone x2  
  6  6:15  Hatchery  
Show
View Real Time Build Order
Export as new Build Order

Myhome Terran 

Build Orders:  

Get SALT Encoding   

  12  0:01  SCV  
  13  0:13  SCV  
  14  0:19  Supply Depot  
  14  0:25  SCV  
  15  0:40  SCV  
  15  0:42  Barracks  
  16  0:50  Refinery  
  16  0:53  SCV  
  17  1:06  SCV  
  18  1:18  SCV  
  19  1:30  Supply Depot  
  19  1:37  Barracks  
  19  1:41  Reaper, Bunker  
  19  1:44  Orbital Command  
  20  2:05  Bunker  
  19  2:18  Reaper  
  19  2:20  SCV  
  21  2:29  Marine  
  22  2:38  Factory  
  22  2:41  SCV  
  23  2:47  Marine  
  23  2:49  Marine  
  25  2:53  SCV  
  26  3:06  Command Center  
  26  3:13  Barracks Reactor  
  26  3:17  SCV  
  27  3:21  Barracks Reactor  
  27  3:28  Factory Tech Lab  
  27  3:29  SCV  
  27  3:35  Refinery  
  26  3:41  SCV  
  27  3:53  SCV, Marine x2  
  30  3:55  Barracks  
  30  3:56  Engineering Bay  
  30  3:58  Engineering Bay  
  30  4:04  Barracks  
  30  4:05  Barracks, Marine  
  31  4:11  Supply Depot  
  31  4:15  Supply Depot  
  31  4:18  Marine  
  32  4:25  Marine x2  
  32  4:27  Marine  
  32  4:28  SCV  
  36  4:40  Orbital Command  
  36  4:49  Marine  
  36  4:50  Marine x2  
  39  4:59  Marine x4  
  43  5:07  Marine x3  
  37  5:16  Marine  
  37  5:17  Marine x2  
  41  5:23  SCV x2  
  43  5:29  Barracks Tech Lab  
  43  5:33  Marine x2  
  44  5:37  SCV  
  44  5:38  SCV  
  44  5:41  Marine x2  
  48  5:51  Marine x3  
  48  5:52  Marine x2, Orbital Command  
  53  6:24  Marine x4  
  53  6:25  Marine x3  
Tags
 
Add a new tag
Caveats
  • Supply blocks, unpowered buildings, or Contaminate may cause inaccurate times.
  • Supply counts are checked every 10 seconds.